 Dungeon Sprint DCSS version 0.21.1-1-g345015f (webtiles) character file.

11300000 vatarom the Archmage (level 27, -22/249 HPs)
             Began as a Demonspawn Warper on Apr 30, 2018.
             Was the Champion of Makhleb.
             Annihilated by a destroyer
             ... wielding a +9 great sword of slicing
              (27 damage)
             ... in the Dungeon (Sprint VIII: "Arena of Blood").
             The game lasted 00:03:08 (113 turns).

vatarom the Archmage (Demonspawn Warper)             Turns: 113, Time: 00:03:10

Health: -22/249    AC: 10    Str: 19    XL:     27
Magic:  54/54      EV: 42    Int: 17    God:    Makhleb [******]
Gold:   0          SH:  0    Dex: 26    Spells: 80/80 levels left

rFire    . . .     SeeInvis .   l - +∞ Axe of Woe
rCold    + . .     Gourm    .   (shield currently unavailable)
rNeg     . . .     Faith    .   b - +0 leather armour
rPois    .         Spirit   .   (helmet unavailable)
rElec    +         Reflect  .   (no cloak)
rCorr    .         Harm     .   (no gloves)
MR       ++...     NoTele   +   (no boots)
Stlth    ++++++++++             (no amulet)
HPRegen  10.51/turn             (no ring)
MPRegen  0.34/turn              (no ring)

@: mighty, agile
A: horns 3, thin metallic scales 3, cold resistance 1, passive freeze, powered
by death 3, powered by pain 3, freezing cloud immunity
a: Minor Destruction, Lesser Servant of Makhleb, Major Destruction, Greater
Servant of Makhleb, Renounce Religion


You were in the Dungeon.
You worshipped Makhleb.
Makhleb was exalted by your worship.
You were not hungry.

You visited 1 branch

Inventory:

Hand Weapons
 a - a +0 hand axe
 l - the +∞ Axe of Woe (weapon)
   (You found it in the Dungeon)
Missiles
 e - 5 tomahawks of dispersal (quivered)
Armour
 b - a +0 leather armour (worn)
Scrolls
 d - 2 scrolls of blinking
Potions
 g - a potion of curing
 h - a potion of heal wounds
 i - a potion of haste
 j - 2 potions of magic
 k - a potion of berserk rage
Books
 c - a book of Spatial Translocations

   Spells                             Type                      Level
   a - Blink                          Translocation                2
   b - Shroud of Golubria             Charms/Translocation         2
   c - Lesser Beckoning               Translocation                3
   d - Gell's Gravitas                Translocation                3
   e - Teleport Other                 Translocation                3
   f - Passage of Golubria            Translocation                4
Comestibles
 f - a ration


   Skills:
 O Level 27 Fighting
 O Level 27 Axes
 O Level 27 Throwing
 O Level 27 Armour
 O Level 27 Dodging
 O Level 27 Stealth
 O Level 27 Unarmed Combat
 O Level 27 Spellcasting
   Level 2.6 Translocations
 O Level 27 Invocations


You had 80 spell levels left.
You didn't know any spells.

Dungeon Overview and Level Annotations

Branches:
Dungeon (1/1)

Altars:
Makhleb


Innate Abilities, Weirdness & Mutations

You have a pair of large horns on your head.
You are completely covered in thin metallic scales. (AC +4, rElec)
Your flesh is cold resistant. (rC+)
A frigid envelope surrounds you and freezes all who hurt you.
You regenerate a lot of health from kills.
You are powered by pain.
You are immune to freezing clouds.


Message History

The tyrant waves its bony arms in wide circles.
The air twists around and strikes you!
* * * LOW HITPOINT WARNING * * *
The meat berserker is engulfed in blazing flames.
You feel something staring at you. Something smites you!
* * * LOW HITPOINT WARNING * * *
Two crawling corpses merge to form a small abomination.
You hear a shout!
The eight-headed meat hydra calls on the powers of darkness!
The eight-headed meat hydra convulses!
The bag of meat convulses!
The large bag of meat convulses!
The bag of meat convulses! x2
The meat berserker convulses!
The bag of meat convulses!
The meat berserker convulses!
The bag of meat convulses!
The meat berserker convulses!
Your body is wracked with pain!
* * * LOW HITPOINT WARNING * * *
The bag of meat convulses! x2
The destroyer is engulfed in blazing flames.
The destroyer hits you with a +9 great sword of slicing!!
You die... #.. .%# #WO ..# .###.. o.###. ......###D..... ..oo._..O.. . #L%..§# ... #_Xxox#

.
....O#.§O§.#.§O.
..{.oo.V@Oo.D...
....z.)###.X....
..###.. ..###.
#.. ..#


#OX o# Lo. .. XW.o %. .zWo You could see a tyrant, 2 eight-headed meat hydras, a
destroyer, a sculptor of flesh, a large bag of meat (inner flame), 2 large
abominations, a dread, 5 meat berserkers, 2 small abominations and 7 bags of
meat.

Vanquished Creatures
  6 hell beasts (D)
  A great orb of eyes (D)
  2 wraiths (D)
  Harold (D)
  8 vampire knights (D)
  27 ogres (D)
  5 two-headed ogres (D)
  4 liches (D)
  A hydra (D)
  20 orcs (D)
  A phantom (D)
  A skeletal warrior (D)
  2 large abominations (D)
  2 crawling corpses (D)
81 creatures vanquished.

Notes
Turn   | Place    | Note
-------+----------+-------------------------------------------
     0 | D        | Found the +∞ Axe of Woe
     0 | D        | vatarom the Demonspawn Warper began the quest for the Orb.
     0 | D        | Reached XP level 1. HP: 16/16 MP: 3/3
     3 | D        | Noticed a bag of meat
     4 | D        | Became a worshipper of Makhleb the Destroyer
    13 | D        | Noticed a meat berserker
    15 | D        | Noticed a large bag of meat
    16 | D        | Killed a meat berserker
    16 | D        | Reached skill level 15 in Fighting
    16 | D        | Reached skill level 5 in Throwing
    16 | D        | Reached skill level 5 in Armour
    16 | D        | Gained mutation: You have a pair of small horns on your head. [demonic ancestry]
    16 | D        | Reached XP level 2. HP: 44/44 MP: 3/20
    16 | D        | Reached XP level 3. HP: 50/50 MP: 3/21
    16 | D        | Gained mutation: You are partially covered in thin metallic scales. (AC +2) [demonic ancestry]
    16 | D        | Reached XP level 4. HP: 57/57 MP: 3/23
    16 | D        | Gained mutation: You sometimes gain a little power by taking damage. [demonic ancestry]
    16 | D        | Reached XP level 5. HP: 63/63 MP: 3/24
    16 | D        | Gained mutation: You regenerate a little health from kills. [demonic ancestry]
    16 | D        | Reached XP level 6. HP: 70/70 MP: 3/26
    16 | D        | Reached XP level 7. HP: 76/76 MP: 3/27
    16 | D        | Reached XP level 8. HP: 83/83 MP: 3/29
    16 | D        | Reached XP level 9. HP: 90/90 MP: 3/30
    16 | D        | Gained mutation: You are mostly covered in thin metallic scales. (AC +3) [demonic ancestry]
    16 | D        | Reached XP level 10. HP: 97/97 MP: 3/31
    16 | D        | Gained mutation: You have a pair of horns on your head. [demonic ancestry]
    16 | D        | Reached XP level 11. HP: 103/103 MP: 3/32
    16 | D        | Gained mutation: You sometimes gain power by taking damage. [demonic ancestry]
    16 | D        | Reached XP level 12. HP: 110/110 MP: 3/33
    16 | D        | Gained mutation: You are powered by pain. [demonic ancestry]
    16 | D        | Reached XP level 13. HP: 116/116 MP: 3/34
    16 | D        | Noticed a bag of meat
    17 | D        | Noticed a bag of meat
    17 | D        | Noticed a bag of meat
    17 | D        | Noticed a meat berserker
    17 | D        | Killed a meat berserker
    17 | D        | Reached * piety under Makhleb
    17 | D        | Reached XP level 14. HP: 129/129 MP: 3/37
    18 | D        | Noticed a bag of meat
    18 | D        | Noticed a meat berserker
    18 | D        | Noticed a meat berserker
    18 | D        | Noticed a meat berserker
    19 | D        | Noticed a meat berserker
    20 | D        | Noticed a bag of meat
    20 | D        | Noticed a bag of meat
    21 | D        | Noticed a meat berserker
    21 | D        | Noticed a meat berserker
    21 | D        | Noticed a destroyer
    21 | D        | Killed a bag of meat
    21 | D        | Killed a meat berserker
    21 | D        | Gained mutation: Your flesh is cold resistant. (rC+) [demonic ancestry]
    21 | D        | Reached XP level 15. HP: 87/142 MP: 24/41
    21 | D        | Reached ** piety under Makhleb
    21 | D        | Killed a meat berserker
    21 | D        | Gained mutation: You regenerate health from kills. [demonic ancestry]
    21 | D        | Reached XP level 16. HP: 153/155 MP: 24/44
    22 | D        | Noticed a large bag of meat
    22 | D        | Killed a meat berserker
    22 | D        | Reached XP level 17. HP: 144/165 MP: 24/46
    22 | D        | Reached *** piety under Makhleb
    22 | D        | Reached skill level 10 in Armour
    23 | D        | Reached skill level 27 in Spellcasting
    23 | D        | Reached skill level 10 in Throwing
    23 | D        | Killed a meat berserker
    23 | D        | Reached **** piety under Makhleb
    23 | D        | Reached skill level 27 in Fighting
    23 | D        | Gained mutation: You have a pair of large horns on your head. [demonic ancestry]
    23 | D        | Reached XP level 18. HP: 182/182 MP: 25/49
    23 | D        | Noticed a destroyer
    24 | D        | Noticed a large bag of meat
    25 | D        | Killed a destroyer
    25 | D        | Reached skill level 27 in Axes
    25 | D        | Reached skill level 27 in Dodging
    25 | D        | Killed a large bag of meat
    25 | D        | Reached XP level 19. HP: 189/189 MP: 50/50
    26 | D        | Killed a meat berserker
    26 | D        | Reached ***** piety under Makhleb
    26 | D        | Reached skill level 15 in Throwing
    26 | D        | Killed a destroyer
    26 | D        | Reached skill level 27 in Armour
    26 | D        | Reached XP level 20. HP: 197/197 MP: 51/51
    26 | D        | Killed a meat berserker
    26 | D        | Reached skill level 27 in Throwing
    29 | D        | Noticed a large bag of meat
    29 | D        | Killed a large bag of meat
    29 | D        | Reached skill level 15 in Stealth
    29 | D        | Gained mutation: You regenerate a lot of health from kills. [demonic ancestry]
    29 | D        | Reached XP level 21. HP: 204/204 MP: 52/52
    31 | D        | Killed a large bag of meat
    31 | D        | Killed a large bag of meat
    34 | D        | Reached skill level 27 in Invocations
    34 | D        | Reached XP level 22. HP: 191/212 MP: 53/53
    35 | D        | Reached ****** piety under Makhleb
    35 | D        | Reached skill level 27 in Stealth
    36 | D        | Noticed a destroyer
    38 | D        | Reached skill level 27 in Unarmed Combat
    41 | D        | Noticed a destroyer
    44 | D        | Killed a destroyer
    44 | D        | Gained mutation: You are immune to freezing clouds. [demonic ancestry]
    44 | D        | Reached XP level 23. HP: 219/219 MP: 54/54
    45 | D        | Noticed a tyrant
    48 | D        | Killed a tyrant
    60 | D        | Noticed The Servant
    60 | D        | Reached XP level 24. HP: 227/227 MP: 54/54
    63 | D        | Noticed a meat beast
    64 | D        | Killed a meat beast
    64 | D        | Reached XP level 25. HP: 234/234 MP: 54/54
    66 | D        | Noticed a tyrant
    70 | D        | Noticed a destroyer
    72 | D        | Killed The Servant
    72 | D        | Gained mutation: A frigid envelope surrounds you and freezes all who hurt you. [demonic ancestry]
    72 | D        | Reached XP level 26. HP: 242/242 MP: 54/54
    72 | D        | Killed a destroyer
    73 | D        | Noticed a tyrant
    74 | D        | Noticed a dread
    75 | D        | Noticed a meat beast
    77 | D        | Killed a tyrant
    81 | D        | Noticed a meat beast
    81 | D        | Gained mutation: You are completely covered in thin metallic scales. (AC +4, rElec) [demonic ancestry]
    81 | D        | Reached XP level 27. HP: 249/249 MP: 54/54
    82 | D        | Killed a meat beast
    83 | D        | Killed a tyrant
    84 | D        | Killed a meat beast
    85 | D        | Killed a dread
    87 | D        | Noticed a destroyer
    89 | D        | Noticed a tyrant
    90 | D        | Noticed a dread
    90 | D        | Noticed a dread
    94 | D        | Noticed a meat beast
    96 | D        | Noticed a meat beast
    97 | D        | Noticed a large bag of meat
    98 | D        | Noticed a destroyer
    98 | D        | Killed a meat beast
   101 | D        | Noticed a large bag of meat
   101 | D        | Killed a tyrant
   102 | D        | Noticed a meat beast
   102 | D        | Killed a destroyer
   105 | D        | Killed a meat beast
   105 | D        | Killed a dread
   106 | D        | Noticed a destroyer
   106 | D        | Killed a meat beast
   107 | D        | Noticed a tyrant
   108 | D        | Noticed a destroyer
   108 | D        | Noticed a destroyer
   108 | D        | Killed a large bag of meat
   109 | D        | Killed a destroyer
   110 | D        | Noticed an accursed
   110 | D        | Killed a destroyer
   111 | D        | Noticed a destroyer
   112 | D        | Killed a destroyer
   113 | D        | Noticed a dread
   113 | D        | HP: 7/249 [something (10)]
   113 | D        | Annihilated by a destroyer

Skill      XL: |  1  2  3  4  5  6  7  8  9 10 11 12 13 14 15 16 17 18 19 20 21 22 |
---------------+-------------------------------------------------------------------+-----
Fighting       | 15 17 20 22 23 27 | 27.0
Axes           | 14 16 19 21 23 26 27 | 27.0
Throwing       | 5 6 8 9 10 14 23 27 | 27.0
Armour         | 5 6 8 9 11 22 27 | 27.0
Dodging        | 14 16 19 20 21 24 27 | 27.0
Spellcasting   | 17 19 22 24 25 27 | 27.0
Stealth        | 15 24 27 | 27.0
Unarmed Combat | 13 22 27 | 27.0
Invocations    | 18 27 | 27.0
Translocations | |  2.6

Action                   |  1- 3 |  4- 6 |  7- 9 | 10-12 | 13-15 | 16-18 | 19-21 | 22-24 | 25-27 || total
-------------------------+-------+-------+-------+-------+-------+-------+-------+-------+-------++-------
Melee: Executioner's axe |     1 |       |       |       |     2 |     3 |     4 |     8 |    29 ||    47
Invok: Greater Servant o |       |       |       |       |       |       |       |       |     1 ||     1
 Stab: Distracted        |       |       |       |       |       |       |       |     2 |       ||     2
Armor: Leather armour    |       |       |       |       |       |       |       |       |     1 ||     1
Dodge: Dodged            |     1 |       |       |       |       |       |       |     1 |     7 ||     9
